 Dungeon Crawl Stone Soup version 0.27.0-1-g7a089689b8 (webtiles) character file.

Game seed: 14871366777496203871

80 Legadrian the Covered (level 4, -5/35 HPs)
             Began as a Human Fighter on Aug 3, 2021.
             Slain by Sigmund (11 damage)
             ... on level 2 of the Dungeon.
             The game lasted 00:05:33 (1675 turns).

Legadrian the Covered (Human Fighter)               Turns: 1675, Time: 00:05:34

Health: -5/35      AC:  7    Str: 17    XL:     4   Next: 65%
Magic:  4/4        EV:  7    Int:  9    God:
Gold:   60         SH:  9    Dex: 12    Spells: 3/3 levels left

rFire    + . .     SeeInvis .   g - +1 mace (protect)
rCold    + . .     Faith    .   b - +0 kite shield
rNeg     . . .     Spirit   .   a - +0 scale mail
rPois    .         Reflect  .   (no helmet)
rElec    .         Harm     .   o - scarf {rC+ rF+}
rCorr    .         Rampage  .   (no gloves)
Will     .....                  (no boots)
Stlth    ..........             (no amulet)
HPRegen  0.11/turn              (no ring)
MPRegen  0.09/turn              (no ring)

@: no status effects
A: no striking features
a: no special abilities


You were on level 2 of the Dungeon.
You visited 1 branch of the dungeon, and saw 2 of its levels.

You collected 60 gold pieces.

Inventory:

Hand Weapons
 d - a +0 short sword
 g - a +1 mace of protection (weapon)
Missiles
 i - 47 sling bullets
 j - 14 bolts
 n - 16 arrows
Armour
 a - a +0 scale mail (worn)
 b - a +0 kite shield (worn)
 o - a scarf of resistance (worn)
Scrolls
 f - a scroll of identify {unknown}
 h - 2 scrolls of noise {unknown}
 k - a scroll of blinking {unknown}
 m - a scroll of acquirement
 p - a scroll of torment {unknown}
Potions
 c - a potion of might
 e - a potion of brilliance {unknown}
 l - a potion of curing {unknown}


   Skills:
 - Level 3.0 Fighting
 + Level 5.0 Armour
 - Level 0.1 Stealth
 - Level 3.0 Shields
 - Level 2.0 Unarmed Combat


You had 3 spell levels left.
You didn't know any spells.
Your spell library was empty.

Dungeon Overview and Level Annotations

Branches:
Dungeon (2/15)

Altars:

Annotations:
D:2 Sigmund


Message History

You block the goblin's attack. Sigmund hits you with a +0 scythe.
The goblin hits you but does no damage.
You hit Sigmund.
Sigmund is moderately wounded.
A bat comes into view.
Sigmund hits you with a +0 scythe. The goblin hits you with a +0 dagger.
You block Sigmund's attack. The goblin closely misses you.
The bat moves out of view.
You hit Sigmund.
Sigmund is heavily wounded.
You block Sigmund's attack. The goblin hits you but does no damage.
Sigmund barely misses you.
You closely miss Sigmund.
Sigmund is heavily wounded.
You block the bat's attack. The goblin hits you but does no damage.
Sigmund hits you but does no damage. The bat closely misses you.
You block the goblin's attack.
You hit Sigmund.
Sigmund is heavily wounded.
The bat hits you but does no damage.
Sigmund casts a spell.
Sigmund flickers and vanishes!
Deactivating autopickup; reactivate with Ctrl-A.
The bat barely misses you. You block the goblin's attack. Something hits you.
The bat completely misses you. The goblin hits you but does no damage.
You miss something. The bat hits you but does no damage.
Something hits you but does no damage. You block the goblin's attack.
Something hits you but does no damage.
Your shield prevents you from hitting something.
You block the bat's attack. The goblin hits you but does no damage.
Something hits you! You block the goblin's attack. You block the bat's attack.
You miss something. The bat barely misses you.
You hear some strange, mumbled words.
A magic dart appears from out of thin air!
The magic dart hits you but does no damage.
You block the goblin's attack. The bat barely misses you. Something hits you!
* * * LOW HITPOINT WARNING * * *
The goblin hits you but does no damage. The bat hits you but does no damage.
Something hits you!
You die...

#. #.###
..?.# ##.#.#
....# #...#
#.{g# #...#
#@..#
..###b..#
.........#
#..####..#
#..####..####
#...........#
######....#.#
#.#..# # #
#.#..#


You could see a goblin and a bat.

Vanquished Creatures
  3 gnolls (D:2)
  2 adders (D:2)
  2 dart slugs (D:1)
  6 ball pythons (D:2)
  2 bats (D:2)
  2 endoplasms (D:1)
  3 hobgoblins (D:2)
  5 kobolds (D:1)
  2 frilled lizards (D:1)
  A goblin (D:1)
  4 rats
32 creatures vanquished.

Notes
Turn   | Place    | Note
-------+----------+-------------------------------------------
     0 | D:1      | Legadrian the Human Fighter began the quest for the Orb.
     0 | D:1      | Reached XP level 1. HP: 18/18 MP: 1/1
   668 | D:1      | Reached XP level 2. HP: 24/24 MP: 2/2
  1083 | D:2      | Reached skill level 4 in Armour
  1083 | D:2      | Reached XP level 3. HP: 17/29 MP: 3/3
  1094 | D:2      | Reached XP level 4. HP: 18/35 MP: 4/4
  1321 | D:2      | Identified 2 scrolls of acquirement
  1321 | D:2      | Acquired a scarf of resistance
  1519 | D:2      | Reached skill level 5 in Armour
  1658 | D:2      | Noticed Sigmund
  1675 | D:2      | Slain by Sigmund

Illustrated notes

Levels and vault maps discovered:
D:1:      minmay_arrival_loop, layout_rooms
D:2:      layout_loops_ring, minmay_misc_feat_alley, uniq_sigmund

Skill      XL: |  1  2  3  4 |
---------------+-------------+-----
Armour         | 4 5 |  5.0
Fighting       | |  3.0
Stealth        | |  0.1
Shields        | |  3.0
Unarmed Combat | |  2.0

Action                   |  1- 3 |  4- 6 || total
-------------------------+-------+-------++-------
Melee: Short sword       |    22 |       ||    22
       Unarmed           |    12 |       ||    12
       Mace              |    41 |    76 ||   117
  Use: Scroll            |       |     1 ||     1
Armor: Scale mail        |    46 |    56 ||   102
Dodge: Dodged            |    16 |    49 ||    65
Block: Kite shield       |    48 |    68 ||   116
